 Dungeon Crawl Stone Soup version 0.30-a0-702-gdf48620a09 (webtiles) character file.

Game seed: 744169857657074457

84 zinnoa the Chopper (level 4, -4/41 HPs)
             Began as a Gnoll Chaos Knight on Jan 22, 2023.
             Was a Plaything of Xom.
             Slain by a gnoll bouda
             ... wielding a +0 club
              (5 damage)
             ... on level 3 of the Dungeon.
             The game lasted 00:07:04 (2669 turns).

zinnoa the Chopper (Gnoll Chaos Knight)             Turns: 2669, Time: 00:07:05

Health: -4/41      AC:  7    Str: 13    XL:     4   Next: 45%
Magic:  5/5        EV: 11    Int: 12    God:    Xom [...*..]
Gold:   146        SH:  0    Dex: 11    Spells: 5/5 levels left

rFire   . . .      SeeInvis .    g - +2 quarterstaff (pain)
rCold   . . .      Faith    .    (shield currently unavailable)
rNeg    . . .      Spirit   .    j - +0 ring mail
rPois   .          Reflect  .    (no helmet)
rElec   .          Harm     .    (no cloak)
rCorr   .          Rampage  .    (no gloves)
Will    .....                    r - +0 pair of boots
Stlth   +                        (no amulet)
HPRegen 0.26/turn                (no ring)
MPRegen 0.09/turn                (no ring)

@: no status effects
A: fangs 1, strong nose, distributed training
a: Renounce Religion


You were on level 3 of the Dungeon.
You worshipped Xom.
You were a favourite toy of Xom.
You visited 1 branch of the dungeon, and saw 3 of its levels.

You collected 146 gold pieces.

Inventory:

Hand Weapons
 a - a +0 hand axe of chaos
 g - a +2 quarterstaff of pain (weapon)
Missiles
 h - a throwing net
Armour
 b - a +2 leather armour
 j - a +0 ring mail (worn)
 r - a +0 pair of boots (worn)
Magical Staves
 k - a staff of fire
Scrolls
 d - 3 scrolls of blinking {unknown}
 e - a scroll of teleportation {unknown}
 l - 2 scrolls of identify {unknown}
 m - 2 scrolls of enchant armour {unknown}
 n - a scroll of amnesia {unknown}
 q - a scroll of noise {unknown}
Potions
 f - a potion of lignification {unknown}
 i - a potion of brilliance {unknown}
 o - 2 potions of curing {unknown}
 p - 2 potions of invisibility {unknown}
 s - 2 potions of haste {unknown}
Miscellaneous
 c - a piece from Xom's chessboard (15/15) (quivered)


   Skills:
 + Level 6.6 Fighting
 + Level 1.2 Short Blades
 + Level 1.2 Long Blades
 + Level 6.6 Axes
 + Level 1.2 Maces & Flails
 + Level 1.2 Polearms
 + Level 1.2 Staves
 + Level 1.2 Ranged Weapons
 + Level 1.2 Throwing
 + Level 4.6 Armour
 + Level 2.8 Dodging
 + Level 1.2 Stealth
 + Level 1.2 Shields
 + Level 1.2 Unarmed Combat
 + Level 1.2 Spellcasting
 + Level 1.0 Conjurations
 + Level 1.0 Hexes
 + Level 1.0 Summonings
 + Level 1.0 Necromancy
 + Level 1.0 Translocations
 + Level 1.0 Transmutations
 + Level 1.0 Fire Magic
 + Level 1.0 Ice Magic
 + Level 1.0 Air Magic
 + Level 1.0 Earth Magic
 + Level 1.0 Poison Magic
 + Level 1.3 Invocations
 + Level 1.2 Evocations


You had 5 spell levels left.
You didn't know any spells.
Your spell library contained the following spells:

 Spells                   Type           Power      Damage    Failure   Level
 Inner Flame              Hex/Fire       3%         N/A       75%         3
 Flame Wave               Conj/Fire      3%         2d5       98%         4
 Sticky Flame             Conj/Fire      3%         2d3       98%         4


Dungeon Overview and Level Annotations

Branches:
Dungeon (3/15)

Altars:
Hepliaklqana

Annotations:
D:1 1 exclusion
D:3 1 transporter, acebull12's ghost, amateur MiFi


Innate Abilities, Weirdness & Mutations

You have very sharp teeth.
Your uncanny sense of smell can sniff out nearby items.
Your experience applies equally to all skills.


Message History

The gnoll is severely wounded.
The gnoll closely misses you.
The gnoll bouda hits you but does no damage.
The gnoll barely misses you. x2; The gnoll misses you.
The gnoll hits you but does no damage. The gnoll hits you with a +0 flail.
The gnoll bouda hits you but does no damage.
You barely miss the gnoll. You bite the gnoll, but do no damage.
The gnoll is severely wounded.
The gnoll closely misses you. The gnoll misses you.
The gnoll hits you with a +0 flail. The gnoll completely misses you.
The gnoll bouda calls upon its god to heal the gnoll.
The gnoll is healed somewhat.
The gnoll barely misses you.
You hit the gnoll.
The gnoll is severely wounded.
The gnoll hits you with a +0 halberd! The gnoll hits you but does no damage.
The gnoll bouda hits you but does no damage.
The gnoll hits you from afar with a +0 spear.
The gnoll hits you but does no damage. The gnoll misses you.
You are too injured to fight recklessly!
You are too injured to fight recklessly!
You hit the gnoll bouda.
The gnoll bouda writhes in agony.
The gnoll bouda is lightly wounded.
The gnoll hits you with a +0 flail!
* * * LOW HITPOINT WARNING * * *
The gnoll bouda calls upon its god to heal the gnoll.
The gnoll is healed somewhat.
The gnoll misses you. The gnoll hits you but does no damage.
The gnoll closely misses you.
You thump the gnoll bouda!
The gnoll bouda is heavily wounded.
The gnoll closely misses you.
The gnoll bouda calls upon its god to heal the gnoll.
The gnoll's wounds heal themselves!
The gnoll barely misses you.
The gnoll hits you from afar with a +0 spear.
* * * LOW HITPOINT WARNING * * *
The gnoll hits you with a +0 halberd.
* * * LOW HITPOINT WARNING * * *
The gnoll barely misses you. x2
The gnoll bouda hits you with a +0 club.
You die...
Xom chuckles heartily!

#............................# #
#..≈≈≈≈≈≈≈≈≈≈≈≈~≈≈≈≈≈≈≈≈≈≈≈≈.###
#..≈≈≈≈≈≈≈≈≈≈≈≈~≈≈≈≈≈≈≈≈≈≈≈≈....
#..≈≈#####...........#####≈≈..<.
#..≈≈#g#.#.###.©.###.#.#.#≈≈....
#..≈≈#gg.###.#####©###...#≈≈.#.#
#..≈≈###..g.g..........###≈≈.#.#
#..≈≈.8#.######g###'##.#8.≈≈.#.#
#..≈≈.##.#$.W#8@g#...#.##.≈≈.#.#
##.~~.#..+$.:#⌠©g....'..#.~~....
#.≈≈.##.#$.$#8gg#...#.##.≈≈.#..
#.≈≈.8#.######'###'##.#8.≈≈.#.#
#.≈≈###...............###≈≈.#.#
#.≈≈#...###.#####g###...#≈≈.#..
##.≈≈#.#.#.###.©.###.#.#.#≈≈.###
#..≈≈#####..........[#####≈≈.###
#..≈≈≈≈≈≈≈≈≈≈≈...≈≈≈≈≈≈≈≈≈≈≈.##.


You could see a gnoll bouda and 4 gnolls.

Vanquished Creatures
  2 gnolls
  2 dart slugs (D:1)
  2 orcs (D:3)
  5 endoplasms
  2 giant cockroaches (D:1)
  7 goblins
  2 hobgoblins
  4 jackals (D:3)
  3 quokkas
  9 ball pythons
  4 bats
  3 frilled lizards
  4 kobolds
  8 rats
57 creatures vanquished.

Vanquished Creatures (others)
  6 plants (D:3)
6 creatures vanquished.

Grand Total: 63 creatures vanquished

Notes
Turn   | Place    | Note
-------+----------+-------------------------------------------
     0 | D:1      | zinnoa the Gnoll Chaos Knight began the quest for the Orb.
     0 | D:1      | Reached XP level 1. HP: 23/23 MP: 1/1
   114 | D:1      | Reached XP level 2. HP: 29/29 MP: 2/2
   189 | D:1      | XOM: silly message
   371 | D:1      | Reached XP level 3. HP: 32/35 MP: 3/3
   515 | D:1      | Reached skill level 1 in Invocations
  1398 | D:2      | Reached skill level 1 in Short Blades
  1398 | D:2      | Reached skill level 1 in Long Blades
  1398 | D:2      | Reached skill level 1 in Maces & Flails
  1398 | D:2      | Reached skill level 1 in Polearms
  1398 | D:2      | Reached skill level 1 in Staves
  1398 | D:2      | Reached skill level 1 in Ranged Weapons
  1398 | D:2      | Reached skill level 1 in Throwing
  1398 | D:2      | Reached skill level 1 in Stealth
  1398 | D:2      | Reached skill level 1 in Shields
  1398 | D:2      | Reached skill level 1 in Unarmed Combat
  1398 | D:2      | Reached skill level 1 in Spellcasting
  1398 | D:2      | Reached skill level 1 in Evocations
  1614 | D:2      | XOM is BORED!
  1614 | D:2      | XOM: silly message
  1896 | D:3      | Found a hazy altar of Hepliaklqana.
  1931 | D:3      | Found a transporter.
  1948 | D:3      | Reached XP level 4. HP: 38/41 MP: 5/5
  2008 | D:3      | Identified the +4 halberd "Irixtogo" {pain, *Rage rN+
                  | Stlth+}
  2013 | D:3      | Noticed acebull12's ghost (amateur MiFi)
  2061 | D:3      | XOM: noise
  2066 | D:3      | XOM: noise
  2076 | D:3      | Found a transporter.
  2219 | D:3      | XOM is BORED!
  2219 | D:3      | XOM: polymorph rat -> gnoll
  2225 | D:3      | Reached skill level 1 in Conjurations
  2225 | D:3      | Reached skill level 1 in Hexes
  2225 | D:3      | Reached skill level 1 in Summonings
  2225 | D:3      | Reached skill level 1 in Necromancy
  2225 | D:3      | Reached skill level 1 in Translocations
  2225 | D:3      | Reached skill level 1 in Transmutations
  2225 | D:3      | Reached skill level 1 in Fire Magic
  2225 | D:3      | Reached skill level 1 in Ice Magic
  2225 | D:3      | Reached skill level 1 in Air Magic
  2225 | D:3      | Reached skill level 1 in Earth Magic
  2225 | D:3      | Reached skill level 1 in Poison Magic
  2546 | D:3      | XOM: scenery: 1 doors close
  2669 | D:3      | HP: 1/41 [gnoll/+0 halberd (6)]
  2669 | D:3      | Slain by a gnoll bouda

Illustrated notes

Levels and vault maps discovered:
D:1:      minmay_arrival_arboretum_small, layout_basic, minmay_strange_pillars,
          chequers_serial_rivers_large_a, chequers_avenue, serial_bayou_pond_d,
          minmay_liquid_box, st_stairs_4
D:2:      layout_loops_ring
D:3:      layout_basic, lemuel_round_altar, gammafunk_ghost_gnarly_gnolls

Skill      XL: |  1  2  3  4 |
---------------+-------------+-----
Invocations    | 1 |  1.3
Short Blades   | 1 |  1.2
Long Blades    | 1 |  1.2
Maces & Flails | 1 |  1.2
Polearms       | 1 |  1.2
Staves         | 1 |  1.2
Ranged Weapons | 1 |  1.2
Throwing       | 1 |  1.2
Stealth        | 1 |  1.2
Shields        | 1 |  1.2
Unarmed Combat | 1 |  1.2
Spellcasting   | 1 |  1.2
Evocations     | 1 |  1.2
Conjurations   | 1 |  1.0
Hexes          | 1 |  1.0
Summonings     | 1 |  1.0
Necromancy     | 1 |  1.0
Translocations | 1 |  1.0
Transmutations | 1 |  1.0
Fire Magic     | 1 |  1.0
Ice Magic      | 1 |  1.0
Air Magic      | 1 |  1.0
Earth Magic    | 1 |  1.0
Poison Magic   | 1 |  1.0
Fighting       | |  6.6
Axes           | |  6.6
Armour         | |  4.6
Dodging        | |  2.8

Action                   |  1- 3 |  4- 6 || total
-------------------------+-------+-------++-------
Melee: Hand axe          |    39 |       ||    39
       Bite              |     8 |     5 ||    13
       Punch             |     1 |       ||     1
       Quarterstaff      |    60 |    43 ||   103
 Stab: Sleeping          |     2 |       ||     2
Armor: Leather armour    |    19 |       ||    19
       Ring mail         |    17 |    26 ||    43
Dodge: Dodged            |    53 |    44 ||    97

Table legend: (Time is in decaauts)
 A = Elapsed time spent in this place.
 B = Non-inter-level travel time spent in this place.
 C = Inter-level travel time spent in this place.
 D = Time resting spent in this place.
 E = Time spent auto-exploring this place.
 F = Levels seen in this place.
 G = Mean time per level.
                   A        B        C        D        E       F      G
               +--------+--------+--------+--------+--------+-----+--------+
         Total |   2707 |   2606 |    101 |      0 |   2165 |   3 |  902.3 |
       Dungeon |   2707 |   2606 |    101 |      0 |   2165 |   3 |  902.3 |
               +--------+--------+--------+--------+--------+-----+--------+

Top non-repeatable levels by time:
     D:1: 1298 daAuts
     D:3: 843 daAuts
     D:2: 565 daAuts
